 Dungeon Crawl Stone Soup version 0.17-a0-2171-ga91b4ec (webtiles) character file.

1263 M4edhros the Covert (level 8, -1/48 HPs)
             Began as an Octopode Artificer on Oct 25, 2015.
             Was a Believer of Okawaru.
             Slain by an orc warrior
             ... wielding a +0 short sword
              (20 damage)
             ... on level 7 of the Dungeon.
             The game lasted 00:12:14 (5682 turns).

M4edhros the Covert (Octopode Artificer)            Turns: 5682, Time: 00:12:15

Health: -1/48      AC:  3    Str: 10    XL:     8   Next: 52%
Magic:  13/13      EV: 17    Int: 15    God:    Okawaru [**....]
Gold:   293        SH:  0    Dex: 16    Spells: 1 memorised, 5 levels left

rFire  + . .     SeeInvis .     k - +0 spear
rCold  + + .     Clarity  .     (no shield)
rNeg   . . .     SustAt   .     p - +2 hat
rPois  .         Gourm    .     x - amulet of rage
rElec  .         Spirit   .     (no ring)
rCorr  .         Warding  .     (no ring)
rMut   .         Stasis   .     E - ring of protection from cold
MR     .....                    (no ring)
Stlth  ++++++....               (no ring)
                                (no ring)
                                (no ring)
                                (no ring)

@: not resistant to hostile enchantments, very stealthy
A: almost no armour, amphibious, 8 rings, constrict 8, repulsion field 1,
camouflage 1, agile 1, cold resistance 1, fire resistance 1, spit poison 1,
gelatinous body 1, MP-powered wands
a: Spit Poison, Heroism, Renounce Religion, Evoke Berserk Rage


You were on level 7 of the Dungeon.
You worshipped Okawaru.
Okawaru was pleased with you.
You were very hungry.

You visited 1 branch of the dungeon, and saw 7 of its levels.

You collected 501 gold pieces.
You spent 208 gold pieces at shops.

Inventory:

Hand Weapons
 a - a +0 short sword
 k - a +0 spear (weapon)
Missiles
 s - 32 sling bullets
 y - 118 stones (quivered)
Armour
 p - a +2 hat (worn)
Jewellery
 x - an amulet of rage (around mantle)
 E - a ring of protection from cold (on tentacle)
 H - an uncursed amulet of resist mutation {unknown}
Wands
 b - a wand of flame (7)
 c - a wand of enslavement (14)
 d - a wand of random effects (7)
 f - a wand of slowing (19)
 m - a wand of frost (35)
 q - a wand of fireball (9)
 A - a wand of magic darts (14)
 F - a wand of magic darts (12)
Scrolls
 t - 3 scrolls of enchant weapon
 v - 2 scrolls of teleportation
 C - a scroll of acquirement {unknown}
Potions
 h - 2 potions of might
 i - 2 potions of poison {unknown}
 n - 5 potions of curing
 r - 3 potions of resistance
 u - 2 potions of brilliance
 z - a potion of heal wounds {unknown}
 B - a potion of cancellation {unknown}
 D - 2 potions of flight {unknown}
Books
 g - a book of Spatial Translocations

   Spells                             Type                      Level
   a - Apportation                    Translocation                1
   b - Blink                          Translocation                2
   c - Shroud of Golubria             Charms/Translocation         2
   d - Portal Projectile              Translocation                3
   e - Teleport Other                 Translocation                3
   f - Passage of Golubria            Translocation                4
Comestibles
 e - 6 bread rations
 j - 17 fruits
 l - a meat ration
 o - a slice of pizza
 w - 2 beef jerkies


   Skills:
 - Level 1.0 Fighting
 - Level 1.0 Short Blades
 + Level 5.4 Dodging
 + Level 9.0 Stealth
 + Level 7.2 Evocations


You had 5 spell levels left.
You knew the following spells:

 Your Spells              Type           Power        Failure   Level  Hunger
a - Blink                 Tloc           N/A          38%         2    ###....


Dungeon Overview and Level Annotations

Branches:
Dungeon (7/15)             Temple (0/1) D:7

Altars:
Cheibriados
Fedhas
Gozag
Kikubaaqudgha
Nemelex Xobeh
Okawaru
Qazlal
Ru
Sif Muna
Trog
Yredelemnul
The Shining One

Shops:
D:5 [


Innate Abilities, Weirdness & Mutations

You cannot wear most types of armour.
You are amphibious.
You can wear up to eight rings at the same time.
You can use your tentacles to constrict eight enemies at once.
Your skin changes colour to match your surroundings (Stealth).
Your rubbery body absorbs attacks (AC +1).
You are surrounded by a mild repulsion field (EV +2).
You are agile. (Dex +2)
Your flesh is cold resistant.
Your flesh is heat resistant.
You can spit weak poison.
You expend magic power (3 MP) to strengthen your wands.


Message History

The orc warrior hits you with a short sword.
You hit the orc warrior but do no damage.
The orc warrior is moderately wounded.
You constrict the orc warrior.
The orc warrior hits you with a short sword.
You hit the orc warrior.
The orc warrior is heavily wounded.
You constrict the orc warrior. The orc warrior misses you.
You hit the orc warrior but do no damage.
You squeeze the orc warrior, but do no damage.
The orc warrior is severely wounded.
You constrict the orc warrior, but do no damage.
The orc wizard looks braver for a moment.
The orc warrior hits you with a short sword!
You barely miss the orc warrior.
You squeeze the orc warrior, but do no damage.
The orc warrior is severely wounded.
You constrict the orc warrior, but do no damage.
The orc warrior hits you with a short sword!!
You die...

#.#.# #.....###.#.#######
#.#.# #..................
#.#.####.#...............
#.................?....
######.###.............
........# ##.#.#.#######
.######## #.#.....# #
#.######.###.#.# #
#oo@.........#.# #
#o######.##..#.# #
#.....?.# #.##..#.# #
###.###.# #.##..#.# # ###
#.##..#.# # #.##..#.#
#.......# .#


You could see an orc warrior, an orc wizard and an orc.

Vanquished Creatures
  An orc warrior (D:7)
  A black bear (D:7)
  A centaur (D:5)
  A scorpion (D:6)
  5 killer bees (D:7)
  A vampire bat (D:2)
  A centaur zombie (D:7)
  A crimson imp (D:6)
  2 jellies
  2 iguanas
  A quasit (D:5)
  Ijyb (D:2)
  5 hounds
  2 orc wizards
  3 worker ants
  A worker ant zombie (D:5)
  6 adders
  A giant eyeball (D:4)
  A worm (D:3)
  3 giant geckos
  14 orcs
  3 ball pythons
  5 bat skeletons (D:2)
  7 hobgoblins
  9 jackals
  4 kobolds
  4 quokkas
  7 bats
  2 giant cockroaches
  2 giant cockroach zombies (D:5)
  A giant gecko skeleton (D:6)
  6 giant newts
  10 goblins
  A jackal skeleton (D:4)
  A jackal zombie (D:5)
  9 rats
125 creatures vanquished.

Vanquished Creatures (others)
  An adder (D:4)
1 creature vanquished.

Grand Total: 126 creatures vanquished

Notes
Turn   | Place    | Note
--------------------------------------------------------------
     0 | D:1      | M4edhros the Octopode Artificer began the quest for the Orb.
     0 | D:1      | Reached XP level 1. HP: 13/13 MP: 3/3
    81 | D:1      | Found a glowing golden altar of the Shining One.
   211 | D:2      | Reached XP level 2. HP: 16/18 MP: 4/4
   242 | D:2      | Noticed Ijyb
   250 | D:2      | Killed Ijyb
   250 | D:2      | Reached skill level 4 in Evocations
   250 | D:2      | Reached XP level 3. HP: 23/23 MP: 4/6
   265 | D:2      | Found a blossoming altar of Fedhas.
   593 | D:4      | Reached XP level 4. HP: 13/28 MP: 7/7
   594 | D:4      | Gained mutation: Scrolls take you a little longer to read. [potion of mutation]
   594 | D:4      | Gained mutation: You expend magic power (3 MP) to strengthen your wands. [potion of mutation]
   594 | D:4      | Gained mutation: Your muscles are strong. (Str +2) [potion of mutation]
   623 | D:4      | Noticed Blork the orc
   943 | D:4      | Learned a level 2 spell: Blink
   971 | D:4      | Found an iron altar of Okawaru.
   984 | D:4      | Became a worshipper of Warmaster Okawaru
  1169 | D:2      | Found a sparkling altar of Nemelex Xobeh.
  1169 | D:2      | Found a sacrificial altar of Ru.
  1184 | D:2      | Reached XP level 5. HP: 18/33 MP: 4/8
  1229 | D:2      | Lost mutation: Your muscles are strong. (Str +2) [potion of mutation]
  1229 | D:2      | Gained mutation: You are surrounded by a mild repulsion field (EV +2). [potion of mutation]
  1229 | D:2      | Gained mutation: Potions and wands are less effective at restoring your health. [potion of mutation]
  1230 | D:2      | Gained mutation: You are agile. (Dex +2) [potion of mutation]
  1230 | D:2      | Gained mutation: You can spit weak poison. [potion of mutation]
  1230 | D:2      | Gained mutation: Your flesh is heat resistant. [potion of mutation]
  1400 | D:2      | Reached skill level 5 in Stealth
  1407 | D:2      | Found an ancient bone altar of Kikubaaqudgha.
  1407 | D:2      | Noticed a vampire bat
  1421 | D:2      | Killed a vampire bat
  1421 | D:2      | Reached skill level 5 in Evocations
  2264 | D:3      | Found a deep blue altar of Sif Muna.
  2480 | D:3      | Found a stormy altar of Qazlal.
  2480 | D:3      | Found an opulent altar of Gozag.
  2494 | D:3      | Found a basalt altar of Yredelemnul.
  2551 | D:3      | Reached XP level 6. HP: 27/38 MP: 9/9
  2680 | D:4      | Reached skill level 6 in Stealth
  3047 | D:4      | Noticed Blork
  3047 | D:4      | Blork the orc changed into Blork the giant eyeball
  3054 | D:4      | Killed Blork the giant eyeball
  3380 | D:5      | Entered Level 5 of the Dungeon
  3392 | D:5      | Gained mutation: Your flesh is cold resistant. [potion of mutation]
  3392 | D:5      | Lost mutation: Scrolls take you a little longer to read. [potion of mutation]
  3392 | D:5      | Lost mutation: Potions and wands are less effective at restoring your health. [potion of mutation]
  3516 | D:5      | Found Peli's Armour Shoppe.
  3519 | D:5      | Bought a +2 hat for 208 gold pieces
  3973 | D:5      | Reached * piety under Okawaru
  3973 | D:5      | Reached XP level 7. HP: 16/43 MP: 2/11
  4238 | D:6      | Reached skill level 7 in Stealth
  4893 | D:7      | Reached skill level 8 in Stealth
  4893 | D:7      | Reached XP level 8. HP: 33/48 MP: 3/12
  5005 | D:7      | Reached skill level 5 in Dodging
  5031 | D:7      | Found a staircase to the Ecumenical Temple.
  5044 | D:7      | Found a bloodstained altar of Trog.
  5086 | D:7      | Found a snail-covered altar of Cheibriados.
  5347 | D:7      | Reached ** piety under Okawaru
  5356 | D:7      | Reached skill level 9 in Stealth
  5682 | D:7      | Slain by an orc warrior

Vault maps used:
D:1:      dpeg_arrival_subterranean_lakeside_camping, tso_metal_star
D:2:      kennysheep_vampire_church, gammafunk_temple_overflow_wave,
          lemuel_coloured_pillars_altar, dk_vineyard_1, uniq_iyjb
D:3:      corexii_shack_village, lemuel_round_altar, grunt_temple_overflow_open
D:4:      okawaru_trees_1, uniq_blork_the_orc
D:5:      serial_shops, kennysheep_mini, first_bread
D:7:      overflow_temple_1_default, cheibriados_altar_1,
          minmay_temple_entry_statues_fountains

Action                   |  1- 3 |  4- 6 |  7- 9 || total
-------------------------+-------+-------+-------++-------
Melee: Short sword       |    31 |       |       ||    31
       Spear             |    10 |   129 |   127 ||   266
       Dagger            |       |    63 |       ||    63
 Abil: Spit Poison       |       |       |     1 ||     1
       Evoke Berserk Rag |       |       |     1 ||     1
Evoke: Wand              |     2 |    12 |    10 ||    24
  Use: Scroll            |     3 |     9 |     5 ||    17
       Potion            |       |     5 |       ||     5
 Stab: Sleeping          |     7 |    29 |    10 ||    46
       Distracted        |       |     2 |       ||     2
  Eat: Chunk             |       |    10 |     5 ||    15
